 Dungeon Crawl Stone Soup version 0.32-a0-779-g362cfcae2a (webtiles) character file.

Game seed: 17184711981315306028

65921 Malificent the Cleaver (level 14, 0/116 HPs)
             Began as a Mountain Dwarf Fighter on Mar 19, 2024.
             Was a High Priest of Qazlal.
             Slain by a sixfirhy (10 damage)
             ... summoned by an orc high priest
             ... on level 2 of the Orcish Mines.
             The game lasted 01:46:09 (21059 turns).

Malificent the Cleaver (Mountain Dwarf Fighter)    Turns: 21059, Time: 01:46:10

Health: 0/116      AC: 19    Str: 27    XL:     14   Next: 77%
Magic:  26/26      EV: 10    Int: 21    God:    Qazlal [*****.]
Gold:   1630       SH: 12    Dex:  9    Spells: 20/29 levels left

rFire   + . .        i - +6 dire flail "Maam" {venom, +Blink rC+++ Stlth-}
rCold   + + +        (shield currently unavailable)
rNeg    + . .        O - +3 scale mail of Beogh's Pride {Will+ Int+4}
rPois   .            A - +0 hat {Will+}
rElec   .            j - scarf {repulsion}
rCorr   .            x - +2 pair of gloves of Ibunuixt {+Blink rF+ rN+}
SInv    +            g - +3 pair of boots "Foguyl" {Int+5}
Will    +++..        e - amulet of reflection Stlth
                     K - +6 ring of strength
HPRegen 0.39/turn    J - ring of see invisible
MPRegen 0.20/turn

%: repel missiles, reflection
@: studying Polearms
A: runic magic, artefact enchanting
a: Renounce Religion, Evoke Blink, Upheaval, Elemental Force, Disaster Area


You were on level 2 of the Orcish Mines.
You worshipped Qazlal.
Qazlal was extremely pleased with you.
You visited 4 branches of the dungeon, and saw 19 of its levels.
You also visited: Sewer and Gauntlet.

You collected 1750 gold pieces.
You spent 120 gold pieces at shops.

Inventory:

Hand Weapons
 a - a +2 war axe
 i - the +6 dire flail "Maam" (weapon) {venom, +Blink rC+++ Stlth-}
   (You took it off a two-headed ogre on level 1 of the Orcish Mines)

   rC+++:     It renders you almost immune to cold.
   +Blink:    It lets you blink.
   Stlth-:    It makes you less stealthy.
 m - a +0 eveningstar
Missiles
 h - 3 curare-tipped darts
 z - 8 silver javelins
 D - 2 throwing nets
 E - 5 darts of dispersal (quivered)
Armour
 c - a +0 buckler of reflection
 g - the +3 pair of boots "Foguyl" (worn) {Int+5}
   (You found it on level 2 of the Dungeon)

   Int+5:     It affects your intelligence (+5).
 j - a scarf of repulsion (worn)
 n - a +0 kite shield of reflection
 x - the +2 pair of gloves of Ibunuixt (worn) {+Blink rF+ rN+}
   (You found it in a Gauntlet)

   rF+:       It protects you from fire.
   rN+:       It protects you from negative energy.
   +Blink:    It lets you blink.
 A - a +0 hat of willpower (worn)
 O - the +3 scale mail of Beogh's Pride (worn) {Will+ Int+4}
   (You found it on level 8 of the Dungeon)

   Int+4:     It affects your intelligence (+4).
   Will+:     It increases your willpower.
 U - the +0 robe of Incorporation {rPois Regen+ Int+2}
   (You took it off an orc wizard on level 9 of the Dungeon)

   Int+2:     It affects your intelligence (+2).
   rPois:     It protects you from poison.
   Regen+:    It increases your rate of health regeneration.
Jewellery
 e - an amulet of reflection (around neck)
 J - a ring of see invisible (right hand)
 K - a +6 ring of strength (left hand)
 M - a ring of poison resistance
Wands
 G - a wand of polymorph (8)
 L - a wand of flame (38)
 V - a wand of warping (3)
 Z - a wand of digging (4)
Scrolls
 b - 3 scrolls of amnesia
 k - a scroll of poison
 l - 2 scrolls of butterflies
 p - 3 scrolls of teleportation
 w - 3 scrolls of vulnerability
 F - 2 scrolls of revelation
 X - a scroll of silence
 Y - 6 scrolls of fog
Potions
 d - a potion of mutation
 f - 5 potions of lignification
 o - 8 potions of enlightenment
 q - 4 potions of brilliance
 u - 8 potions of curing
 v - a potion of ambrosia
 B - a potion of invisibility
 R - a potion of magic
 T - a potion of heal wounds


   Skills:
 + Level 8.7 Fighting
 + Level 14.0 Axes
 + Level 1.3(9.2) Maces & Flails
 * Level 8.6 Armour
 + Level 4.2 Dodging
 - Level 0.4 Stealth
 + Level 10.5 Shields
 * Level 8.1 Spellcasting
 * Level 7.0 Conjurations
 * Level 4.8 Summonings
 * Level 10.9 Earth Magic
 * Level 11.9 Invocations
 + Level 1.9 Evocations


You had 20 spell levels left.
You knew the following spells:

 Your Spells              Type           Power      Damage    Failure   Level
a - Stone Arrow           Conj/Erth      92%        3d12      1%          3
b - Blink                 Tloc           16%        N/A       14%         2
c - Animate Armour        Summ/Erth      82%        N/A       3%          4

Your spell library contained the following spells:

 Spells                   Type           Power      Damage    Failure   Level
 Magic Dart               Conj           100%       1d8       1%          1
 Call Imp                 Summ           58%        N/A       1%          2
 Shock                    Conj/Air       92%        1d8       2%          1
 Dazzling Flash           Conj/Hex       46%        N/A       7%          3
 Fulminant Prism          Conj/Alch      11%        3d9       22%         4
 Iskenderun's Mystic Bla  Conj/Tloc      23%        2d6       22%         4
 Swiftness                Air            8%         N/A       28%         3
 Tukima's Dance           Hex            8%         N/A       28%         3
 Volatile Blastmotes      Fire/Tloc      16%        2d11      28%         3
 Borgnjor's Vile Clutch   Necr/Erth      15%        N/A       28%         5
 Airstrike                Air            4%         2d(1-17)  67%         4
 Dimensional Bullseye     Hex/Tloc       4%         N/A       67%         4
 Passage of Golubria      Tloc           8%         N/A       67%         4
 Yara's Violent Unravell  Hex/Alch       4%         3d4       95%         5
 Starburst                Conj/Fire      11%        6d5       98%         6
 Plasma Beam              Fire/Air       4%         2x1d14    100%        6
 Lehudib's Crystal Spear  Conj/Erth      23%        10d6      100%        8
 Maxwell's Capacitive Co  Air            4%         ∞         100%        8


Dungeon Overview and Level Annotations

Branches:
Dungeon (11/15)            Temple (1/1) D:6            Lair (5/5) D:9
  Swamp (0/4) Lair:2       Spider (0/4) Lair:2        Slime (0/5) Lair:4
    Orc (2/2) D:11            Elf (0/3) Orc:2         Sewer (visited)
Gauntlet (visited)

Altars:
Ashenzari
Cheibriados
Dithmenos
Elyvilon
Fedhas
Gozag
Hepliaklqana
Kikubaaqudgha
Makhleb
Nemelex Xobeh
Okawaru
Qazlal
Ru
Sif Muna
Trog
Uskayaw
Vehumet
Wu Jian
Xom
Yredelemnul
Zin
The Shining One
Beogh
Jiyva

Shops:
D:4 [   D:8 =

Annotations:
D:5 1 runed translucent door, xianbchi's ghost, novice OpEn


Innate Abilities, Weirdness & Mutations

Your spellcasting is much less encumbered by armour.
You can use scrolls of enchantment on lesser artefacts.


Message History

The orc knight seems to regain its courage.
The sixfirhy closely misses you. You block the sixfirhy's attack.
The sixfirhy closely misses you.
The sixfirhy hits you but does no damage.
The orc knight roars a battlecry!
The orc wizard goes into a battle-frenzy!
The orc knight no longer looks unusually strong.
The sixfirhy hits you. The sixfirhy shocks you! The sixfirhy hits you.
The sixfirhy shocks you!
* * * LOW HITPOINT WARNING * * *
You block the sixfirhy's attack. The sixfirhy barely misses you.
The orc knight roars a battlecry!
Aiming: Charm
Press: ? - help, Shift-Dir - straight line, f/p - orc knight
Aim: an orc knight, wielding a +0 great sword and wearing a +0 chain mail (moderately wounded, chance to affect: 36%)
The sixfirhy resists with almost no effort.
The orc knight no longer looks unusually strong.
Aiming: Charm
Press: ? - help, Shift-Dir - straight line, f/p - orc knight
Aim: an orc knight, wielding a +0 great sword and wearing a +0 chain mail (moderately wounded, chance to affect: 36%)
The sixfirhy resists with almost no effort.
The now-empty wand crumbles to dust.
The orc knight roars a battlecry!
The orc knight goes into a battle-frenzy!
The orc high priest calls upon Beogh to heal the orc knight.
The orc knight is healed somewhat.
The orc knight is engulfed in freezing vapours.
The orc knight roars a battlecry!
The orc knight goes into a battle-frenzy!
Okay, then.
You barely miss the sixfirhy. The sixfirhy hits you!
* * * LOW HITPOINT WARNING * * *
The sixfirhy shocks you!
* * * LOW HITPOINT WARNING * * *
You block the sixfirhy's attack.
An orc high priest comes into view. It is wielding a +0 war axe.
The sixfirhy hits you.
* * * LOW HITPOINT WARNING * * *
The sixfirhy shocks you!
You die...

#......# #......## ##......###
##......# ##.........##
###......###
###..o........####...........
#.............##.............
#.......o..........[..)..<..<
###...o.o..o...§.....)..)..†...
###.........#.o3..§...[[[##.#....
#......3o..#####@.○....[#######..
.........#####.#○°......###.#....
#.4.#.......# #...○..............
##..###.....##...................
.....##.........................#
....###............#...........
...o# ###.......#######........
.4...# ....... #........ ....##
#..... .........


You could see 2 orc knights, 2 orc high priests, a sixfirhy (summoned) and an
orc wizard (strong, invisible).

Vanquished Creatures
  Jorgrun (Orc:1)
  Donald (Orc:2)
  Gastronok (Lair:2)
  The ghost of hikkokomori the Prestidigitator, an adept CoHu of Okawaru (Lair:5)
  A minotaur (Gauntlet)
  The ghost of Skryme the Martial Artist, a journeyman GnSh of Trog (Orc:1)
  Josephine (Orc:1)
  3 hydras
  Erolcha (D:10)
  Harold (Lair:2)
  A catoblepas (Lair:1)
  5 two-headed ogres
  12 death yaks
  2 death scarabs (Gauntlet)
  An orc high priest (Orc:1)
  Sonja (Orc:1)
  A skyshark (Lair:5)
  An orc knight (Orc:2)
  2 obsidian bats (Orc:1)
  A deep elf pyromancer (D:8)
  Pikel (D:4)
  A moth of wrath (Gauntlet)
  A worldbinder (Gauntlet)
  6 elephants (Lair:1)
  7 cane toads
  5 rime drakes
  5 komodo dragons
  A torpor snail (Lair:3)
  6 hornets
  3 trolls
  8 polar bears
  A tyrant leech (Lair:2)
  6 dream sheep
  12 blink frogs
  2 jumping spiders (Lair:2)
  A slime creature (D:8)
  13 spriggans
  A culicivora (Lair:2)
  60 yaks
  Sigmund (D:4)
  4 wyverns
  A vampire (D:10)
  7 wraiths
  3 basilisks
  A steam dragon (D:8)
  Eustachio (D:6)
  5 redbacks
  A warg (Orc:2)
  An acid dragon (D:10)
  2 swamp worms (Lair:2)
  The ghost of Fractals the Caller, an amateur TeSu (D:4)
  10 water moccasins
  6 black bears
  Pargi (Sewer)
  An ice beast (D:3)
  13 orc warriors
  5 boggarts
  26 wolves
  6 ogres
  8 centaurs
  2 phantoms
  3 lemures (D:4)
  2 kobold brigands
  13 bullfrogs
  A brain worm (Sewer)
  3 gnoll sergeants
  2 scorpions
  7 killer bees
  A howler monkey (D:11)
  2 bombardier beetles
  2 hounds
  3 quasits (D:4)
  14 orc priests
  4 jellies
  Crazy Yiuf (D:2)
  A sleepcap (D:4)
  7 iguanas
  Terence (D:2)
  13 orc wizards
  Natasha (thrice) (D:4)
  Robin (D:4)
  7 gnolls
  10 adders
  3 river rats (D:3)
  3 shadow imps
  4 white imps
  4 ufetubi
  4 dart slugs
  5 ribbon worms
  58 orcs
  17 ball pythons
  9 endoplasms
  7 giant cockroaches
  13 hobgoblins
  8 jackals
  3 kobolds
  6 quokkas
  6 bats
  8 frilled lizards
  16 goblins
  7 rats
567 creatures vanquished.

Vanquished Creatures (collateral kills)
  A spectral boulder beetle (Gauntlet)
  A hornet (Lair:5)
  A spectral black mamba (Gauntlet)
  2 spriggans (Lair:5)
  A water moccasin (D:7)
  5 wolves (Lair:5)
  An ogre (D:7)
  A kobold brigand (D:7)
  A wight (D:7)
  An orc (D:7)
15 creatures vanquished.

Grand Total: 582 creatures vanquished

Notes
Turn   | Place    | Note
-------+----------+-------------------------------------------
     0 | D:1      | Malificent the Mountain Dwarf Fighter began the quest for
                  | the Orb.
     0 | D:1      | Reached XP level 1. HP: 19/19 MP: 1/1
   109 | D:1      | Reached XP level 2. HP: 24/26 MP: 2/2
   155 | D:1      | Reached skill level 3 in Axes
   391 | D:1      | Reached XP level 3. HP: 33/33 MP: 3/3
   524 | D:1      | Found a roughly hewn altar of Beogh.
   778 | D:1      | Found a faded altar of an unknown god.
   964 | D:2      | Found a stormy altar of Qazlal.
   993 | D:2      | Became a worshipper of Qazlal Stormbringer
  1010 | D:2      | Noticed Terence
  1020 | D:2      | Killed Terence
  1021 | D:2      | Reached skill level 4 in Axes
  1021 | D:2      | Reached XP level 4. HP: 16/40 MP: 4/4
  1361 | D:2      | Identified the +3 pair of boots "Foguyl" {Int+5}
  1528 | D:2      | Found a runed translucent door.
  1529 | D:2      | Noticed Crazy Yiuf
  1535 | D:2      | Killed Crazy Yiuf
  1536 | D:2      | Reached XP level 5. HP: 11/46 MP: 0/5
  1991 | D:3      | Reached * piety under Qazlal
  2008 | D:3      | Reached skill level 1 in Invocations
  2086 | D:3      | Found a glowing drain.
  2091 | Sewer    | Entered a sewer
  2096 | Sewer    | Reached skill level 5 in Axes
  2096 | Sewer    | Reached XP level 6. HP: 51/52 MP: 5/7
  2149 | Sewer    | Noticed Pargi
  2160 | Sewer    | Killed Pargi
  2331 | D:3      | Learned a level 3 spell: Stone Arrow
  2431 | D:3      | Identified the +0 robe of the Spheres {-Cast Rampage rElec}
  2462 | D:3      | Noticed an ice beast
  2475 | D:3      | Killed an ice beast
  2540 | D:3      | Reached ** piety under Qazlal
  2873 | D:3      | Got Iqinn's Encyclopedia of Doomed Sparks
  3160 | D:4      | Noticed Pikel
  3164 | D:4      | Noticed Sigmund
  3200 | D:4      | Killed Pikel
  3201 | D:4      | Reached skill level 6 in Axes
  3201 | D:4      | Reached skill level 1 in Dodging
  3201 | D:4      | Reached skill level 5 in Shields
  3201 | D:4      | Reached skill level 1 in Spellcasting
  3201 | D:4      | Reached XP level 7. HP: 50/60 MP: 6/9
  3215 | D:4      | Noticed Natasha
  3218 | D:4      | Killed Sigmund
  3219 | D:4      | Reached XP level 8. HP: 45/67 MP: 8/10
  3226 | D:4      | Killed Natasha
  3251 | D:4      | Found Sagraz's Antique Armour Emporium.
  3288 | D:4      | Noticed Natasha
  3313 | D:4      | Killed Natasha
  3316 | D:4      | Bought a pair of glowing gloves for 120 gold pieces
  3400 | D:4      | Reached skill level 7 in Axes
  3405 | D:4      | Noticed Natasha
  3414 | D:4      | Killed Natasha
  3479 | D:4      | Noticed Robin
  3491 | D:4      | Killed Robin
  3665 | D:4      | Reached *** piety under Qazlal
  3666 | D:4      | Reached skill level 5 in Fighting
  3778 | D:4      | Found a transporter.
  3783 | D:4      | Noticed Fractals's ghost (amateur TeSu)
  3796 | D:4      | Found a transporter.
  3851 | D:4      | Killed Fractals's ghost
  3906 | D:5      | Entered Level 5 of the Dungeon
  3938 | D:5      | Noticed xianbchi's ghost (novice OpEn)
  3938 | D:5      | Found a runed translucent door.
  3988 | D:5      | Reached skill level 5 in Invocations
  4014 | D:5      | Reached XP level 9. HP: 74/74 MP: 13/13
  4359 | D:6      | Reached skill level 8 in Axes
  4388 | D:6      | Found a staircase to the Ecumenical Temple.
  4547 | D:6      | Noticed Eustachio
  4550 | D:6      | Killed Eustachio
  4791 | D:6      | Reached skill level 5 in Armour
  5277 | D:7      | Reached skill level 9 in Axes
  5281 | D:7      | Reached skill level 5 in Earth Magic
  5810 | D:8      | Found Ruika's Jewellery Boutique.
  5933 | D:8      | Identified the +0 scale mail of Beogh's Pride {Will+ Int+4}
  5953 | D:8      | Reached XP level 10. HP: 81/81 MP: 15/15
  5994 | D:8      | Noticed a deep elf pyromancer
  5996 | D:8      | Reached **** piety under Qazlal
  5996 | D:8      | Noticed a two-headed ogre
  6020 | D:8      | Killed a deep elf pyromancer
  6021 | D:8      | Reached skill level 1 in Conjurations
  6023 | D:8      | Killed a two-headed ogre
  6024 | D:8      | Reached skill level 10 in Axes
  7005 | D:9      | Reached XP level 11. HP: 66/89 MP: 16/18
  7158 | D:9      | Found a staircase to the Lair.
  7209 | D:9      | Identified the +0 robe of Incorporation {rPois Regen+
                  | Int+2}
  7233 | D:9      | Reached ***** piety under Qazlal
  7584 | D:10     | Entered Level 10 of the Dungeon
  7596 | Lair:1   | Entered Level 1 of the Lair of Beasts
  7842 | Lair:1   | Reached skill level 11 in Axes
  7851 | Lair:1   | Reached skill level 5 in Spellcasting
  8736 | D:10     | Paralysed by a hornet for 3 turns
  8742 | D:10     | Paralysed by a hornet for 2 turns
  8967 | D:10     | Found an iron altar of Okawaru.
  9153 | D:10     | Noticed Erolcha
  9162 | D:10     | Killed Erolcha
  9677 | Lair:1   | Reached XP level 12. HP: 100/100 MP: 20/20
 10191 | Lair:2   | Noticed a catoblepas
 10191 | Lair:2   | Noticed a death yak
 10192 | Lair:2   | Noticed a death yak
 10193 | Lair:2   | Noticed a death yak
 10221 | Lair:1   | Killed a catoblepas
 10573 | Lair:1   | Reached skill level 1 in Evocations
 10587 | Lair:1   | Killed a death yak
 10588 | Lair:1   | Reached skill level 12 in Axes
 11027 | Lair:2   | Noticed Gastronok
 11035 | Lair:2   | Killed Gastronok
 11053 | Lair:2   | Noticed a six-headed hydra
 11056 | Lair:2   | Noticed Harold
 11360 | Lair:2   | Killed Harold
 11396 | Lair:1   | Reached skill level 5 in Conjurations
 11435 | Lair:2   | Killed a six-headed hydra
 11491 | Lair:2   | Found a staircase to the Swamp.
 11590 | Lair:2   | Reached skill level 10 in Invocations
 12051 | Lair:2   | Found a hole to the Spider Nest.
 12272 | Lair:2   | Learned a level 2 spell: Blink
 12277 | Lair:2   | Learned a level 4 spell: Animate Armour
 12315 | Lair:3   | Noticed a seven-headed hydra
 12319 | Lair:3   | Noticed a death yak
 12421 | Lair:3   | Noticed a seven-headed hydra
 12425 | Lair:2   | Killed a seven-headed hydra
 12520 | Lair:3   | Reached skill level 1 in Summonings
 12520 | Lair:3   | Reached XP level 13. HP: 103/105 MP: 22/22
 12901 | Lair:3   | Reached skill level 13 in Axes
 13176 | Lair:3   | You fall into a shaft and drop 2 floors!
 13176 | Lair:5   | Entered Level 5 of the Lair of Beasts
 13505 | Lair:5   | Reached skill level 10 in Earth Magic
 13574 | Lair:5   | Identified the +2 ring mail "Jukyhili" {Str+5}
 14041 | Lair:5   | Reached skill level 10 in Shields
 14858 | Lair:5   | Found a runed translucent door.
 14859 | Lair:5   | Noticed hikkokomori's ghost (adept CoHu)
 15032 | Lair:5   | Killed hikkokomori's ghost
 15306 | Lair:4   | Found a gate leading to a gauntlet.
 15316 | Gauntlet | Entered a Gauntlet
 15316 | Gauntlet | Found a transporter.
 15316 | Gauntlet | Found a transporter.
 15481 | Gauntlet | Found a transporter.
 15481 | Gauntlet | Found a transporter.
 15483 | Gauntlet | Found a large runed translucent door.
 15484 | Gauntlet | Found a large runed translucent door.
 15485 | Gauntlet | Found a large runed translucent door.
 15485 | Gauntlet | Found a large runed translucent door.
 15485 | Gauntlet | Found a runed translucent door.
 15486 | Gauntlet | Found a runed translucent door.
 15486 | Gauntlet | Found a large runed translucent door.
 15487 | Gauntlet | Found a large runed translucent door.
 15487 | Gauntlet | Found a large runed translucent door.
 15487 | Gauntlet | Found a large runed translucent door.
 15487 | Gauntlet | Found a large runed translucent door.
 15487 | Gauntlet | Found a large runed translucent door.
 15488 | Gauntlet | Found a large runed translucent door.
 15488 | Gauntlet | Found a large runed translucent door.
 15488 | Gauntlet | Found a large runed translucent door.
 15488 | Gauntlet | Found a large runed translucent door.
 15490 | Gauntlet | Found a runed translucent gate.
 15490 | Gauntlet | Found a runed translucent gate.
 15490 | Gauntlet | Found a runed translucent gate.
 15494 | Gauntlet | Found a transporter.
 15497 | Gauntlet | Found a transporter.
 15502 | Gauntlet | Found a transporter.
 15502 | Gauntlet | Found a transporter.
 15536 | Gauntlet | Found a transporter.
 15540 | Gauntlet | Found the necklace of Bloodlust {Fury *Rage Will++ Int-3
                  | Slay+6}
 15556 | Gauntlet | Found a large runed translucent door.
 15558 | Gauntlet | Found a transporter.
 15576 | Gauntlet | Found a transporter.
 15598 | Gauntlet | Found a large runed translucent door.
 15602 | Gauntlet | Found a transporter.
 15663 | Gauntlet | Found a transporter.
 15680 | Gauntlet | Found a transporter.
 16100 | Gauntlet | Found a transporter.
 16116 | Gauntlet | Found a transporter.
 16116 | Gauntlet | Found the +3 pair of gauntlets of War {Slay+5}
 16462 | Gauntlet | Reached XP level 14. HP: 84/115 MP: 21/25
 16471 | Gauntlet | Identified the +2 pair of gloves of Ibunuixt {+Blink rF+
                  | rN+}
 17232 | Lair:4   | Found a staircase to the Slime Pits.
 17233 | Lair:4   | Found a viscous altar of Jiyva.
 18850 | Temple   | Entered the Ecumenical Temple
 19005 | D:11     | Found a staircase to the Orcish Mines.
 19680 | Orc:1    | Entered Level 1 of the Orcish Mines
 19681 | Orc:1    | Noticed Sonja
 19881 | Orc:1    | Killed Sonja
 20125 | Orc:1    | Noticed Josephine
 20135 | Orc:1    | Killed Josephine
 20347 | Orc:1    | Found a transporter.
 20348 | Orc:1    | Noticed Skryme's ghost (journeyman GnSh)
 20349 | Orc:1    | Found a transporter.
 20352 | Orc:1    | Identified the +6 dire flail "Maam" {venom, +Blink rC+++
                  | Stlth-}
 20424 | Orc:1    | Killed Skryme's ghost
 20678 | Orc:2    | Entered Level 2 of the Orcish Mines
 20719 | Orc:1    | Noticed Jorgrun
 20732 | Orc:1    | Killed Jorgrun
 20733 | Orc:1    | Reached skill level 1 in Maces & Flails
 20734 | Orc:1    | Reached skill level 14 in Axes
 20945 | Orc:2    | Found a staircase to the Elven Halls.
 20986 | Orc:2    | Noticed Donald
 21003 | Orc:2    | Killed Donald
 21059 | Orc:2    | Slain by a sixfirhy

Illustrated notes

Levels and vault maps discovered:
D:1:      minmay_arrival_shattered_statue, layout_basic,
          hellmonk_ecumenical_altar_defaced_shrine
D:2:      layout_loops_ring, basic_altar, minmay_cut_off,
          uniq_crazy_yiuf_cottage, uniq_terence
D:3:      layout_loops_corners, lightli_sewer_entry_pipes
D:4:      layout_basic, serial_demonic, serial_demonic_c, serial_demonic_e,
          serial_demonic_a, serial_demonic_b, gammafunk_ghost_stat_death,
          serial_shops, shop, uniq_pikel, uniq_robin, uniq_sigmund, uniq_natasha
D:5:      layout_basic, ebering_ghost_reflecting_pool
D:6:      minmay_diamond_boxcup, layout_loops_cross,
          minmay_temple_entry_stoned_glass, wad_floor_pattern_untrapped,
          minmay_misc_feat_five, minmay_manual_monstrance, uniq_eustachio
D:7:      layout_cave_pools, minmay_fractal_squares_5
D:8:      minmay_slanted_spiral_squares, layout_gridville, serial_shops, shop
D:9:      layout_rooms, lair_entry_dummy
D:10:     layout_basic, okawaru_ov_weapons_minmay, feat_on_display, uniq_erolcha
D:11:     layout_irregular_city, david_orc_2, serial_column_ruins,
          column_ruins_hut, column_ruins_open_small, column_ruins_columns_T,
          column_ruins_grid_1, column_ruins_corridor_straight
Temple:   mainiacjoe_temple_trianglar_array
Lair:1:   layout_small_grid
Lair:2:   layout_chaotic_city, palyth_hydra_swamp_entry,
          nicolae_spider_entry_tight_spaces, serial_bayou_shore_b,
          infiniplex_staircase_pool, grunt_megastairs_5, lemuel_fruit_tree,
          uniq_harold, uniq_urug, uniq_gastronok
Lair:3:   layout_gridlike, st_stairs_9
Lair:4:   layout_cave_pods, slime_entry_1, gauntlet_entry_generic,
          grunt_forest_large_clearings
Lair:5:   minmay_lair_end_enchanted_forest, layout_cave_pods,
          gammafunk_ghost_grave, infiniplex_staircase_pool_2
Orc:1:    layout_diamond_mine, gammafunk_ghost_smash, nicolae_shop_clearance,
          uniq_josephine, uniq_jorgrun, uniq_sonja
Orc:2:    st_orc_elflike, layout_diamond_mine, nicolae_specific_store,
          uniq_donald

Skill      XL: |  1  2  3  4  5  6  7  8  9 10 11 12 13 14 |
---------------+-------------------------------------------+-----
Axes           | 3 4 5 6 7 9 10 11 12 13 14 | 14.0
Armour         | 4 5 6 7 8 |  8.6
Fighting       | 4 5 6 7 8 |  8.7
Shields        | 4 5 6 7 8 9 10 | 10.5
Invocations    | 1 3 5 6 7 9 10 11 | 11.9
Dodging        | 1 2 3 4 |  4.2
Spellcasting   | 1 2 3 4 5 6 7 8 |  8.1
Earth Magic    | 2 3 5 6 7 9 10 | 10.9
Conjurations   | 2 4 5 6 7 |  7.0
Evocations     | 1 |  1.9
Summonings     | 1 3 4 |  4.8
Maces & Flails | 1 |  1.3
Stealth        | |  0.4

Action                     |  1- 3 |  4- 6 |  7- 9 | 10-12 | 13-15 || total
---------------------------+-------+-------+-------+-------+-------++-------
  Melee: War axe           |   113 |   228 |   307 |   494 |   756 ||  1898
         Dire flail        |       |       |       |       |    49 ||    49
  Throw: Dart              |       |       |       |     1 |       ||     1
   Cast: Stone Arrow       |       |       |       |    18 |    10 ||    28
 Invoke: Upheaval          |       |     1 |     1 |     7 |     9 ||    18
         Elemental Force   |       |       |     1 |       |     2 ||     3
  Evoke: Wand              |       |       |       |    10 |    22 ||    32
    Use: Scroll            |     6 |     4 |     8 |     8 |    10 ||    36
         Potion            |       |     4 |     2 |     5 |     9 ||    20
   Stab: Paralysed         |       |       |     2 |       |     3 ||     5
         Distracted        |       |       |       |       |     1 ||     1
 Armour: Scale mail        |    82 |   115 |       |   322 |   495 ||  1014
         Troll leather arm |       |    37 |   186 |       |       ||   223
         Skin              |       |       |       |    10 |       ||    10
         Crystal plate arm |       |       |       |       |    12 ||    12
  Dodge: Dodged            |    36 |    76 |   180 |   152 |   248 ||   692
         Repelled          |     1 |     4 |     5 |     3 |     8 ||    21
  Block: Buckler           |    60 |   145 |   255 |   500 |   672 ||  1632
         Reflection        |     3 |     3 |     7 |    14 |    12 ||    39
         Other             |       |       |       |       |    27 ||    27

Table legend: (Time is in decaauts)
 A = Elapsed time spent in this place.
 B = Non-inter-level travel time spent in this place.
 C = Inter-level travel time spent in this place.
 D = Time resting spent in this place.
 E = Time spent auto-exploring this place.
 F = Levels seen in this place.
 G = Mean time per level.
                   A        B        C        D        E       F      G
               +--------+--------+--------+--------+--------+-----+--------+
         Total |  21196 |  20402 |    794 |   5674 |   8120 |  21 | 1009.3 |
       Dungeon |  10348 |   9867 |    481 |   2082 |   5072 |  11 |  940.7 |
        Temple |     18 |     17 |      1 |      0 |      0 |   1 |   18.0 |
          Lair |   7883 |   7573 |    310 |   2438 |   2794 |   5 | 1576.6 |
  Orcish Mines |   1020 |   1020 |      0 |    482 |    115 |   2 |  510.0 |
         Sewer |    191 |    191 |      0 |     10 |     38 |   1 |  191.0 |
      Gauntlet |   1733 |   1733 |      0 |    661 |    101 |   1 | 1733.0 |
               +--------+--------+--------+--------+--------+-----+--------+

Top non-repeatable levels by time:
  Lair:5: 2045 daAuts
  Lair:1: 2015 daAuts
Gauntlet: 1733 daAuts
  Lair:2: 1523 daAuts
  Lair:4: 1343 daAuts
     D:9: 1251 daAuts
     D:8: 1230 daAuts
     D:3: 1135 daAuts
    D:11: 1086 daAuts
     D:2: 1076 daAuts
    D:10: 1068 daAuts
  Lair:3: 955 daAuts
     D:1: 888 daAuts
   Orc:1: 849 daAuts
     D:6: 829 daAuts
